 Dungeon Crawl Stone Soup version 0.31.0-11-ge490571c62 (webtiles) character file.

Game seed: 10265761389242983032

410 RancidPinata the Sneak (level 6, -1/43 HPs)
             Began as an Octopode Delver on Feb 7, 2024.
             Was a Follower of Ru.
             Succumbed to an orc wizard's poison
             ... on level 3 of the Dungeon.
             The game lasted 00:14:45 (3454 turns).

RancidPinata the Sneak (Octopode Delver)            Turns: 3454, Time: 00:14:45

Health: -1/43      AC:  1    Str: 23    XL:     6   Next: 89%
Magic:  6/6        EV: 14    Int: 12    God:    Ru [*.....]
Gold:   207        SH:  0    Dex: 16    Spells: 3/5 levels left

rFire   . . .        C - +4 dagger
rCold   . . .        (no shield)
rNeg    . . .        (helmet restricted)
rPois   .            (no amulet)
rElec   .            g - +6 ring of strength
rCorr   .            d - +6 ring of strength
SInv    .            (no ring)
Will    .....        (no ring)
Stlth   +++++        (no ring)
HPRegen 0.27/turn    (no ring)
MPRegen 0.10/turn    (no ring)
                     (no ring)

%: no passive effects
@: lethally poisoned (-1 -> -17)
A: almost no armour, amphibious, 8 rings, camouflage 1, gelatinous body 1,
unskilled 1, (nimble swimmer 1), tentacles
a: Renounce Religion


You were on level 3 of the Dungeon.
You worshipped Ru.
Ru was aware of your devotion.
You visited 2 branches of the dungeon, and saw 9 of its levels.

You collected 207 gold pieces.

Inventory:

Hand Weapons
 a - a +0 short sword
 o - a +0 rapier
 C - a +4 dagger (weapon)
Missiles
 k - 7 poisoned darts
 l - 37 stones
 m - a curare-tipped dart
 r - 17 boomerangs (quivered)
Jewellery
 d - a +6 ring of strength (right tentacle)
 g - a +6 ring of strength (left tentacle)
 A - a ring of ice
Talismans
 B - a beast talisman
Wands
 f - a wand of digging (3)
Scrolls
 b - 2 scrolls of fog
 c - a scroll of revelation
 h - a scroll of noise {unknown}
 i - 7 scrolls of identify {unknown}
 n - a scroll of torment {unknown}
 u - a scroll of poison {unknown}
 v - a scroll of teleportation {unknown}
 x - a scroll of enchant weapon {unknown}
 y - a scroll of enchant armour {unknown}
 z - a scroll of vulnerability {unknown}
Potions
 e - a potion of haste
 j - a potion of heal wounds {unknown}
 p - a potion of enlightenment {unknown}
 q - a potion of resistance {unknown}
 s - a potion of berserk rage {unknown}
 t - 3 potions of degeneration {unknown}


   Skills:
 * Level 4.2 Fighting
 + Level 2.9 Short Blades
 * Level 3.6 Dodging
 * Level 7.6 Stealth
 + Level 0.7 Translocations


You had 3 spell levels left.
You knew the following spells:

 Your Spells              Type           Power      Damage    Failure   Level
a - Blink                 Tloc           2%         N/A       36%         2

Your spell library contained the following spells:

 Spells                   Type           Power      Damage    Failure   Level
 Magic Dart               Conj           0%         1d3       32%         1
 Lesser Beckoning         Tloc           2%         N/A       36%         2
 Momentum Strike          Conj/Tloc      0%         3d8       41%         2
 Call Imp                 Summ           0%         N/A       45%         2
 Mercury Vapours          Alch/Air       0%         N/A       45%         2
 Mephitic Cloud           Conj/Alch/Air  0%         N/A       69%         3
 Ozocubu's Armour         Ice            0%         N/A       69%         3
 Freezing Cloud           Conj/Ice/Air   0%         6-21      100%        5
 Metabolic Englaciation   Hex/Ice        0%         N/A       100%        5
 Sculpt Simulacrum        Ice/Alch       0%         N/A       100%        6


Dungeon Overview and Level Annotations

Branches:
Dungeon (8/15)             Temple (1/1) D:5
   Lair: D:8-11

Altars:
Cheibriados
Dithmenos
Elyvilon
Fedhas
Gozag
Hepliaklqana
Kikubaaqudgha
Makhleb
Nemelex Xobeh
Okawaru
Ru
Sif Muna
Trog
Uskayaw
Vehumet
Wu Jian
Xom
Yredelemnul
Zin
The Shining One

Shops:
D:3 =

Annotations:
D:5 Sigmund


Innate Abilities, Weirdness & Mutations

You cannot wear most types of armour.
You are amphibious.
You can wear up to eight rings at the same time.
Your skin changes colour to match your surroundings (Stealth+).
Your rubbery body absorbs attacks. (AC +1, EV +1)
You are somewhat unskilled. (-1 Apt)
((You are camouflaged when in or above water. (Stealth+)))
You have tentacles for arms and can constrict up to eight enemies at once.


Message History

Pain shoots through your body!
The ball python hisses angrily.
You hit the orc priest. Your grab misses the orc priest.
You squeeze the orc priest!
The orc priest is severely wounded.
You redirect the orc priest's attack!
The orc priest closely misses itself.
You hit the orc priest. Your grab misses the orc priest.
The orc priest is almost dead.
The orc priest misses you.
The orc wizard attacks as it pursues you!
The orc wizard hits you with a +1 dagger of venom.
You are poisoned.
There is a stone staircase leading up here.
You feel sick.
The orc priest calls down the wrath of Beogh upon you.
Pain shoots through your body! The orc barely misses you.
The orc wizard hits you with a +1 dagger of venom.
You are more poisoned.
You climb upwards.
You feel very sick.
There is a stone staircase leading down here.
You hit the orc priest.
You kill the orc priest!
You feel sick.
The orc wizard hits you with a +1 dagger of venom.
* * * LOW HITPOINT WARNING * * *
You are lethally poisoned!
You hit the orc wizard but do no damage.
Your grab misses the orc wizard.
* * * LOW HITPOINT WARNING * * *
You feel very sick.
The orc wizard hits you with a +1 dagger of venom.
* * * LOW HITPOINT WARNING * * *
The orc hits you with a +0 club.
* * * LOW HITPOINT WARNING * * *
As you read the scroll of fear, it crumbles to dust.
You assume a fearsome visage.
The orc wizard looks frightened!
The orc looks frightened!
You die...

#.# #.#.##.# ####.#
#.# #...##.# #.# #.#
#..###.#########.# #.#
#.....[>......##.#
#.####.###<..........#
#...........#####.####
######.####.# #.# #o#
#)# #.# #@# #.# #.#
#o# #.# ###.##### #.#
#.# #........ #.#
#.###.#.##### #.#
#......#.####
#.#######..###...)
###..†......## ##.##
#...#.#####..###..#
#.#.#.# ##..#.#.#


You could see an orc wizard (fleeing) and an orc (fleeing).

Vanquished Creatures
  A kobold brigand (D:6)
  A phantom (D:4)
  An orc priest (D:3)
  2 sleepcaps
  2 orc wizards
  4 adders
  2 shadow imps (D:6)
  A ribbon worm (D:2)
  4 dart slugs
  11 orcs
  2 ball pythons
  5 endoplasms
  A giant cockroach (D:1)
  5 goblins
  11 hobgoblins
  2 quokkas
  4 bats
  6 frilled lizards
  6 kobolds
  2 rats
73 creatures vanquished.

Notes
Turn   | Place    | Note
-------+----------+-------------------------------------------
     0 | D:5      | RancidPinata the Octopode Delver began the quest for the
                  | Orb.
     0 | D:5      | Reached XP level 1. HP: 16/16 MP: 1/1
    51 | D:6      | Noticed an orc wizard
    58 | D:6      | Killed an orc wizard
    59 | D:6      | Reached skill level 7 in Stealth
    59 | D:6      | Reached XP level 2. HP: 20/21 MP: 2/2
    59 | D:6      | Reached XP level 3. HP: 25/26 MP: 3/3
   148 | D:6      | Noticed a kobold brigand
   250 | D:5      | Found a staircase to the Ecumenical Temple.
   255 | Temple   | Entered the Ecumenical Temple
   278 | Temple   | Became a worshipper of Ru the Awakened
   337 | D:6      | Reached XP level 4. HP: 14/31 MP: 4/4
   422 | D:6      | Killed a kobold brigand
   423 | D:6      | Reached XP level 5. HP: 22/37 MP: 5/5
   717 | D:8      | Noticed a yak
   811 | D:5      | Noticed Sigmund
   828 | D:5      | Noticed a centaur
   910 | D:4      | Noticed a phantom
   914 | D:4      | Killed a phantom
   915 | D:4      | Reached XP level 6. HP: 43/43 MP: 6/6
  1042 | D:3      | Reached skill level 8 in Stealth
  1061 | D:3      | Found Bun Ugge's Jewellery Boutique.
  1195 | D:3      | HP: 2/44 [constriction (1)]
  1693 | D:3      | Gained mutation: You are somewhat unskilled. (-1 Apt) [Ru
                  | sacrifice]
  1693 | D:3      | Reduced skill Stealth to level 7
  1693 | D:3      | Reached * piety under Ru
  1749 | D:2      | Learned a level 2 spell: Blink
  2921 | D:1      | Found a faded altar of an unknown god.
  3454 | D:3      | Succumbed to an orc wizard's poison

Illustrated notes

Levels and vault maps discovered:
D:1:      evilmike_arrival_rings, layout_loops_ring, serial_glass,
          glass_columns_b, glass_columns_b,
          shapermc_ecumenical_altar_mp_vishouse, minmay_misc_feat_four_crosses
D:2:      layout_rooms
D:3:      layout_loops_ring, serial_shops, nicolae_shop_stone
D:4:      layout_rooms
D:5:      layout_loops_ring, minmay_temple_entry_from_below_a, uniq_edmund,
          uniq_sigmund
D:6:      layout_basic, cheibrodos_ashenzari_chains
D:7:      layout_loops_cross
D:8:      kb_forest_paths, layout_rooms, kennysheep_mini, chequers_mini_garden,
          chequers_serial_rivers_small_b
Temple:   mainiacjoe_temple_big_plus

Skill      XL: |  1  2  3  4  5  6 |
---------------+-------------------+-----
Stealth        | 7 7 |  7.6
Dodging        | 3 |  3.6
Fighting       | 4 |  4.2
Short Blades   | 2 |  2.9
Translocations | |  0.7

Action                     |  1- 3 |  4- 6 || total
---------------------------+-------+-------++-------
  Melee: Short sword       |    25 |    19 ||    44
         Tentacles         |     7 |    22 ||    29
         Constrict         |     6 |    19 ||    25
         Punch             |     1 |     2 ||     3
         Rapier            |       |    90 ||    90
         Dagger            |       |     6 ||     6
 Invoke: Sacrifice Skill   |       |     1 ||     1
    Use: Scroll            |       |     2 ||     2
   Stab: Sleeping          |     2 |    29 ||    31
 Armour: Skin              |     7 |    54 ||    61
  Dodge: Dodged            |     9 |    63 ||    72
